 Dungeon Crawl Stone Soup version 0.22.0-49-gab54619 (webtiles) character file.

72 Kagorn the Skirmisher (level 4, -3/29 HPs)
             Began as a Gargoyle Berserker on Sept 5, 2018.
             Was a Believer of Trog.
             Slain by a worm (6 damage)
             ... on level 2 of the Dungeon.
             The game lasted 00:08:12 (1161 turns).

Kagorn the Skirmisher (Gargoyle Berserker)          Turns: 1161, Time: 00:08:13

Health: -3/29      AC:  9    Str: 21    XL:     4   Next: 25%
Magic:  4/4        EV: 11    Int:  8    God:    Trog [**....]
Gold:   13         SH:  0    Dex:  9    Spells: 3/3 levels left

rFire    . . .     SeeInvis .   a - +0 mace
rCold    . . .     Gourm    .   (no shield)
rNeg     + . .     Faith    .   n - +0 ring mail
rPois    ∞         Spirit   .   (no helmet)
rElec    +         Reflect  .   (no cloak)
rCorr    .         Harm     .   (no gloves)
MR       .....                  (no boots)
Stlth    +.........             (no amulet)
HPRegen  0.09/turn              (no ring)
MPRegen  0.09/turn              (no ring)

@: berserk cooldown, slowed, very slow
A: negative energy resistance 1, electricity resistance, unbreathing,
petrification resistance, rot immunity, AC +3
a: Berserk, Trog's Hand, Renounce Religion


You were on level 2 of the Dungeon.
You worshipped Trog.
Trog was pleased with you.
You were not hungry.

You visited 1 branch of the dungeon, and saw 2 of its levels.

You collected 13 gold pieces.

Inventory:

Hand Weapons
 a - a +0 mace (weapon)
 h - a cursed -1 short sword
Missiles
 f - 60 stones (quivered)
Armour
 b - a +0 animal skin
 n - a +0 ring mail (worn)
Scrolls
 g - a scroll of fog {unknown}
 j - a scroll of teleportation {unknown}
 k - 7 scrolls of identify {unknown}
 m - a scroll of amnesia {unknown}
 o - a scroll of remove curse {unknown}
Potions
 d - 2 potions of might {unknown}
 e - a potion of degeneration {unknown}
 i - a potion of curing {unknown}
 l - a potion of agility {unknown}
Comestibles
 c - a ration


   Skills:
 * Level 4.0 Fighting
 * Level 3.6 Maces & Flails
 + Level 2.6 Armour
 + Level 2.0 Dodging
 + Level 1.2 Stealth


You had 3 spell levels left.
You didn't know any spells.
Your spell library was empty.

Dungeon Overview and Level Annotations

Branches:
Dungeon (2/15)

Altars:


Innate Abilities, Weirdness & Mutations

You are resistant to torment.
Your stone body is resilient. (AC +3)
You are immune to poison.
You resist negative energy. (rN+)
You are resistant to electric shocks. (rElec)
You can survive without breathing.
You are immune to petrification.
You are immune to rotting.


Message History

You are exhausted.
You feel yourself slow down.
You see here a spear.
You see here a short sword.
You eat one of the 2 rations.
That ration really hit the spot!
A worm comes into view.
You hit the worm.
The worm is moderately wounded.
The worm bites you.
Your ring mail prevents you from hitting the worm.
The worm is moderately wounded.
The worm bites you but does no damage.
You hit the worm.
The worm is moderately wounded.
The worm bites you!
* * * LOW HITPOINT WARNING * * *
You sock the worm!
The worm is severely wounded.
The worm bites you.
You die...

########....#
#..........)#
##.######....# #..
#....# .
##.#######.)..# ...
..............#####....
.......................
..........####...##...
<.........# ###@.#
..........# ##w#
..........# ...
..........# #....
..........# .##..#
......##### ## .#
.###..# # .##...#
........


You could see a worm.

Vanquished Creatures
  Natasha (D:2)
  2 adders (D:2)
  A dart slug (D:1)
  A leopard gecko (D:1)
  3 bats (D:1)
  4 goblins (D:1)
  4 hobgoblins (D:1)
  3 frilled lizards
  5 kobolds
  4 rats (D:1)
28 creatures vanquished.

Notes
Turn   | Place    | Note
-------+----------+-------------------------------------------
     0 | D:1      | Kagorn the Gargoyle Berserker began the quest for the Orb.
     0 | D:1      | Reached XP level 1. HP: 14/14 MP: 1/1
   188 | D:1      | Reached XP level 2. HP: 15/19 MP: 2/2
   492 | D:1      | Reached XP level 3. HP: 15/24 MP: 3/3
  1074 | D:2      | Reached skill level 1 in Stealth
  1128 | D:2      | Noticed Natasha
  1138 | D:2      | Killed Natasha
  1138 | D:2      | Reached ** piety under Trog
  1138 | D:2      | Reached skill level 4 in Fighting
  1138 | D:2      | Reached XP level 4. HP: 20/29 MP: 4/4
  1161 | D:2      | Slain by a worm

Skill      XL: |  1  2  3 |
---------------+----------+-----
Stealth        | 1 |  1.2
Fighting       | 4 |  4.0
Dodging        | 2 |  2.0
Maces & Flails | |  3.6
Armour         | |  2.6

Action                   |  1- 3 |  4- 6 || total
-------------------------+-------+-------++-------
Melee: Mace              |   114 |     5 ||   119
Invok: Berserk           |     1 |       ||     1
  Eat: Ration            |       |     1 ||     1
Armor: Animal skin       |    34 |       ||    34
       Ring mail         |     7 |     1 ||     8
Dodge: Dodged            |    87 |     1 ||    88
